 Dungeon Crawl Stone Soup version 0.27.1-33-g824d729ab1 (webtiles) character file.

Game seed: 13817520922593898614

216 alasdair19 the Shield-Bearer (level 5, -10/47 HPs)
             Began as a Minotaur Fighter on Dec 12, 2021.
             Mangled by Pikel (13 damage)
             ... on level 4 of the Dungeon.
             The game lasted 00:08:09 (2811 turns).

alasdair19 the Shield-Bearer (Minotaur Fighter)     Turns: 2811, Time: 00:08:10

Health: -10/47     AC: 12    Str: 20    XL:     5   Next: 61%
Magic:  4/4        EV:  5    Int:  6    God:
Gold:   89         SH:  9    Dex: 10    Spells: 4/4 levels left

rFire    . . .     SeeInvis +   a - +0 long sword
rCold    . . .     Faith    .   c - +0 kite shield
rNeg     . . .     Spirit   .   u - +0 chain mail
rPois    .         Reflect  .   (helmet restricted)
rElec    .         Harm     .   k - +0 cloak
rCorr    .         Rampage  .   (no gloves)
Will     .....                  m - +0 pair of boots
Stlth    ..........             (no amulet)
HPRegen  0.15/turn              (no ring)
MPRegen  0.09/turn              (no ring)

@: no status effects
A: horns 2, retaliatory headbutt, fangs 1, see invisible
a: no special abilities


You were on level 4 of the Dungeon.
You visited 1 branch of the dungeon, and saw 4 of its levels.

You collected 89 gold pieces.

Inventory:

Hand Weapons
 a - a +0 long sword (weapon)
Missiles
 j - 2 curare-tipped darts
 p - 14 poisoned darts
 q - 6 datura-tipped darts
 s - 4 silver boomerangs
 w - 6 javelins (quivered)
Armour
 b - a +0 scale mail
 c - a +0 kite shield (worn)
 k - a +0 cloak (worn)
 m - a +0 pair of boots (worn)
 u - a +0 chain mail (worn)
Jewellery
 x - the ring of the Exiled Villages {Ice rCorr Str-5 Int+3 Dex+3}
   (You found it on level 4 of the Dungeon)

   [ring of ice]

   It enhances your ice magic.
   Str:       It affects your strength (-5).
   Int:       It affects your intelligence (+3).
   Dex:       It affects your dexterity (+3).
   rF:        It makes you vulnerable to fire.
   rC:        It protects you from cold.
   rCorr:     It protects you from acid and corrosion.
Wands
 r - a wand of polymorph (4)
 v - a wand of digging (5)
Scrolls
 f - a scroll of acquirement {unknown}
 i - a scroll of vulnerability {unknown}
 l - a scroll of teleportation {unknown}
 t - a scroll of noise {unknown}
Potions
 d - a potion of might
 e - a potion of cancellation
 g - a potion of mutation
 h - a potion of ambrosia
 n - 2 potions of flight {unknown}
 o - 2 potions of curing {unknown}


   Skills:
 + Level 4.6 Fighting
 + Level 4.2 Long Blades
 * Level 1.5 Throwing
 + Level 4.6 Armour
 - Level 1.0 Dodging
 + Level 4.7 Shields


You had 4 spell levels left.
You didn't know any spells.
Your spell library contained the following spells:

 Spells                   Type           Power      Damage    Failure   Level
 Corpse Rot               Necr/Air       N/A        N/A       100%        2
 Dispel Undead            Necr           0%         3d6       100%        4
 Death Channel            Necr           0%         N/A       100%        6


Dungeon Overview and Level Annotations

Branches:
Dungeon (4/15)
 Temple: D:4-7

Altars:

Annotations:
D:4 Pikel


Innate Abilities, Weirdness & Mutations

You have a pair of horns on your head.
You reflexively headbutt those who attack you in melee.
You have very sharp teeth.
You have supernaturally acute eyesight. (SInv)


Message History

There are no items here.
You now have 89 gold pieces (gained 11).
HP restored.
A lemure comes into view.
The lemure shouts!
Pikel the Slaver comes into view.
He is wielding a +2 whip of electrocution.
A lemure comes into view. x2
Throw: 7 javelins
Press: ? - help, Q - select action, (/) - cycle Shift-Dir - straight line, f - Pikel
Aim: Pikel, wielding a +2 whip of electrocution and wearing a +0 robe (47% to hit)
You throw a javelin. The lemure shouts!
The lemure shouts!
The javelin pierces through the lemure.
The lemure is moderately wounded.
The javelin closely misses Pikel.
The javelin misses the lemure.
A lemure comes into view.
The lemure shouts!
You closely miss Pikel. Pikel hits you but does no damage.
You are electrocuted!!
You completely miss Pikel. You block Pikel's attack.
You completely miss Pikel.
Pikel hits you with a +2 whip of electrocution.
Pikel barely misses you. You furiously retaliate!
You headbutt Pikel, but do no damage. You barely miss Pikel.
Your headbutt misses Pikel. Pikel hits you but does no damage.
You are electrocuted!
You closely miss Pikel. Your headbutt misses Pikel. You block Pikel's attack.
You hit Pikel.
Pikel is lightly wounded.
Pikel cracks his whip.
Pikel hits you with a +2 whip of electrocution.
* * * LOW HITPOINT WARNING * * *
Pikel hits you with a +2 whip of electrocution!
* * * LOW HITPOINT WARNING * * *
It was a potion of mutation.
You feel extremely strange.
Your vision sharpens.
Your teeth lengthen and sharpen.
Pikel hits you but does no damage.
You are electrocuted!
You die...

.....#.####
.....#.#..#
....##....#
###+
#######.###
..(. #.# ...
#.# #55 #.#
#5# #.# #K#
#.########@#
#..........#
#.##########
###


You could see Pikel and 3 lemures.

Vanquished Creatures
  A hound (D:3)
  Ijyb (D:3)
  Robin (D:3)
  5 adders
  5 worms
  2 dart slugs
  3 orcs (D:4)
  8 endoplasms
  2 giant cockroaches
  21 goblins
  6 hobgoblins
  4 quokkas
  5 ball pythons
  4 bats
  3 frilled lizards
  8 kobolds
  2 rats
81 creatures vanquished.

Vanquished Creatures (others)
  6 bushes (D:3)
  8 fungi (D:2)
  A plant (D:2)
15 creatures vanquished.

Grand Total: 96 creatures vanquished

Notes
Turn   | Place    | Note
-------+----------+-------------------------------------------
     0 | D:1      | alasdair19 the Minotaur Fighter began the quest for the
                  | Orb.
     0 | D:1      | Reached XP level 1. HP: 19/19 MP: 0/0
   199 | D:1      | Reached XP level 2. HP: 23/27 MP: 1/1
   650 | D:2      | Found a faded altar of an unknown god.
   750 | D:2      | Reached XP level 3. HP: 31/33 MP: 2/2
  1113 | D:2      | Reached skill level 1 in Dodging
  1113 | D:2      | Reached XP level 4. HP: 41/41 MP: 3/3
  2139 | D:3      | Reached XP level 5. HP: 47/47 MP: 4/4
  2210 | D:3      | Noticed Ijyb
  2219 | D:3      | Killed Ijyb
  2220 | D:3      | Reached skill level 1 in Throwing
  2314 | D:3      | Noticed Robin
  2414 | D:3      | Killed Robin
  2734 | D:4      | Identified the ring of the Exiled Villages {Ice rCorr Str-5
                  | Int+3 Dex+3}
  2802 | D:4      | Noticed a lemure
  2802 | D:4      | Noticed Pikel
  2802 | D:4      | Noticed a lemure
  2802 | D:4      | Noticed a lemure
  2803 | D:4      | Noticed a lemure
  2810 | D:4      | HP: 2/47 [Pikel (10)]
  2811 | D:4      | Gained mutation: You have supernaturally acute eyesight.
                  | (SInv) [potion of mutation]
  2811 | D:4      | Gained mutation: You have very sharp teeth. [potion of
                  | mutation]
  2811 | D:4      | Mangled by Pikel

Illustrated notes

Levels and vault maps discovered:
D:1:      minmay_arrival_diagonal_passages, layout_rooms
D:2:      layout_basic, dreamdust_ecumenical_altar_grove, minmay_tetromino_l4
D:3:      layout_rooms, hangedman_decor_diamond_cutter, minmay_hedge_maze,
          chequers_decorated_corner, uniq_ijyb, uniq_robin
D:4:      layout_basic, kennysheep_mini, serial_shops, shop,
          gammafunk_ghost_mausoleum, serial_co_window_serial,
          co_window_corner_a, co_window_paths_a, co_window_corner_a,
          co_window_corner_a, co_window_paths_a, co_window_paths_b,
          co_window_corner_a, co_window_unsneaky_path_d, co_window_broadway_a,
          co_window_unsneaky_path_c, co_window_4corner_a, glass_columns_b,
          uniq_pikel

Skill      XL: |  1  2  3  4  5 |
---------------+----------------+-----
Fighting       | 4 |  4.6
Armour         | 4 |  4.6
Shields        | 4 |  4.7
Long Blades    | 3 4 |  4.2
Dodging        | 1 |  1.0
Throwing       | 1 |  1.5

Action                   |  1- 3 |  4- 6 || total
-------------------------+-------+-------++-------
Melee: Long sword        |    83 |   122 ||   205
       Headbutt          |    13 |    23 ||    36
Throw: Dart              |       |    11 ||    11
       Javelin           |       |     3 ||     3
  Use: Scroll            |       |     2 ||     2
       Potion            |       |     1 ||     1
Armor: Scale mail        |    46 |    18 ||    64
       Chain mail        |       |    34 ||    34
Dodge: Dodged            |    37 |    25 ||    62
Block: Kite shield       |    49 |    55 ||   104
       Rpst.: Long sword |     8 |     6 ||    14
